 Dungeon Crawl Stone Soup version 0.25-a0-24-g72dcfe0359 (webtiles) character file.

Game seed: 1386712529894284572, levelgen mode: deterministic

441 Gynju the Magician (level 6, -4/32 HPs)
             Began as a Deep Elf Fire Elementalist on Oct 17, 2019.
             Killed from afar by an orc wizard (6 damage)
             ... with a magic dart
             ... on level 4 of the Dungeon.
             The game lasted 00:08:16 (5207 turns).

Gynju the Magician (Deep Elf Fire Elementalist)     Turns: 5207, Time: 00:08:16

Health: -4/32      AC:  6    Str:  5    XL:     6   Next: 70%
Magic:  10/16      EV: 12    Int: 24    God:
Gold:   196        SH:  4    Dex: 15    Spells: 9/15 levels left

rFire    . . .     SeeInvis .   p - -2 spear (curse)
rCold    . . .     Gourm    .   u - -2 shield of the Sturgeon {Int+2} (curse)
rNeg     . . .     Faith    +   a - +0 robe
rPois    +         Spirit   .   l - +1 helmet of Muttered Phrases {-Tele rPois Stlth+}
rElec    .         Reflect  .   i - +1 cloak
rCorr    .         Harm     .   (no gloves)
MR       .....     NoTele   +   (no boots)
Stlth    +++.......             t - amulet of faith
HPRegen  0.10/turn              s - ring of flight
MPRegen  0.15/turn              (no ring)

@: very slightly contaminated
A: no striking features
a: Evoke Flight


You were on level 4 of the Dungeon.
You were not hungry.

You visited 1 branch of the dungeon, and saw 4 of its levels.

You collected 196 gold pieces.

Inventory:

Hand Weapons
 d - a +2 whip of venom
 e - a +2 quarterstaff of chaos
 p - a cursed -2 spear (weapon)
Missiles
 q - 6 atropa-tipped darts (quivered)
Armour
 a - a +0 robe (worn)
 i - a +1 cloak (worn)
 l - the +1 helmet of Muttered Phrases (worn) {-Tele rPois Stlth+}
   (You took it off Robin on level 2 of the Dungeon)

   It protects you from poison.
   It prevents most forms of teleportation.
   It makes you more stealthy.
 u - the cursed -2 shield of the Sturgeon (worn) {Int+2}
   (You found it on level 4 of the Dungeon)

   It affects your intelligence (+2).
   It has a curse placed upon it.
Jewellery
 m - an uncursed amulet of the gourmand
 s - a ring of flight (left hand)
 t - an amulet of faith (around neck)
Wands
 k - a wand of acid (12)
 r - a wand of iceblast (10)
Scrolls
 f - 3 scrolls of identify {@r1}
 n - a scroll of enchant armour
 y - a scroll of enchant weapon
Potions
 b - 3 potions of cancellation {unknown}
 g - a potion of agility {unknown}
 h - a potion of haste {unknown}
 j - 3 potions of flight {unknown}
 o - a potion of resistance {unknown}
 v - a potion of lignification {unknown}
 x - a potion of curing {unknown}
 z - a potion of berserk rage {unknown}
Comestibles
 c - 7 rations


   Skills:
 + Level 4.7 Dodging
 - Level 2.4 Stealth
 + Level 1.0 Shields
 + Level 5.4 Spellcasting
 + Level 3.7 Conjurations
 + Level 4.9 Fire Magic


You had 9 spell levels left.
You knew the following spells:

 Your Spells              Type           Power        Failure   Level  Hunger
a - Flame Tongue          Conj/Fire      ####.        9%          1    None
b - Throw Flame           Conj/Fire      ####..       13%         2    None
c - Conjure Flame         Conj/Fire      ####....     26%         3    ##.....

Your spell library contained the following spells:

 Spells                   Type           Power        Failure   Level  Hunger
 Inner Flame              Hex/Fire       ###.....     50%         3    ##.....
 Sticky Flame             Conj/Fire      ####....     65%         4    ####...
 Fireball                 Conj/Fire      ####......   94%         5    #####..


Dungeon Overview and Level Annotations

Branches:
Dungeon (4/15)
 Temple: D:4-7

Altars:
Ashenzari
Elyvilon
Hepliaklqana
Nemelex Xobeh

Annotations:
D:3 Sigmund


Message History

Press: ? - help, Shift-Dir - straight line, f/p - orc
Aim: an orc (almost dead)
The flame tongue hits the orc.
You kill the orc!
The orc priest invokes the aid of Beogh against you.
Pain shoots through your body!
* * * LOW HITPOINT WARNING * * *
The orc wizard gestures wildly while chanting.
The orc wizard blinks!
Casting: Flame Tongue (safe; 9% risk of failure)
Confirm with . or Enter, or press ? or * to list all spells.
Aiming: Flame Tongue (safe; 9% risk of failure)
Press: ? - help, Shift-Dir - straight line, f - orc priest
Aim: an orc priest, wielding a +0 short sword The flame tongue hits the orc priest!
You kill the orc priest!
Your Shields skill increases to level 1!
The orc wizard points at you and mumbles some strange words.
The magic dart hits you.
You die...

###.###### ##....#...##
####..........#
###..#..........#
....##..#...#### ### ##
#..##......### #..
##..##...#...#....####..
#..........##.....##....
#.....)@##.........#....
##......................
.....o.#................
....... ..........(....#
. o.###..
.#####.......### ## ## #
...### #........# .##.##
.# .... # #..###...#
.....#... #....
..#..####..## .....#.###
............#


You could see an orc priest and an orc wizard.

Vanquished Creatures
  2 scorpions (D:4)
  Crazy Yiuf (D:3)
  An orc priest (D:4)
  A centaur skeleton (D:4)
  A worker ant (D:4)
  An orc wizard (D:3)
  Robin (D:2)
  3 gnolls (D:2)
  5 adders
  2 oozes
  An adder skeleton (D:4)
  4 worms (D:2)
  2 dart slugs
  2 leopard geckos
  9 orcs
  7 bats
  6 giant cockroaches
  16 goblins
  8 hobgoblins
  8 kobolds
  2 quokkas
  5 frilled lizards
  4 rats
92 creatures vanquished.

Notes
Turn   | Place    | Note
-------+----------+-------------------------------------------
     0 | D:1      | Gynju the Deep Elf Fire Elementalist began the quest for
                  | the Orb.
     0 | D:1      | Reached XP level 1. HP: 10/10 MP: 6/6
   114 | D:1      | Reached XP level 2. HP: 2/15 MP: 0/8
  1490 | D:1      | Reached XP level 3. HP: 19/19 MP: 7/10
  1494 | D:1      | Learned a level 2 spell: Throw Flame
  1498 | D:1      | Learned a level 3 spell: Conjure Flame
  1818 | D:2      | Reached XP level 4. HP: 24/24 MP: 4/11
  1894 | D:2      | Identified the +1 helmet of Muttered Phrases {-Tele rPois
                  | Stlth+}
  1894 | D:2      | Noticed Robin
  1944 | D:2      | Reached skill level 4 in Spellcasting
  2504 | D:2      | Found a sparkling altar of Nemelex Xobeh.
  2744 | D:2      | Killed Robin
  2745 | D:2      | Reached XP level 5. HP: 28/28 MP: 2/13
  3256 | D:3      | Noticed Sigmund
  3296 | D:3      | Found a runed translucent door.
  3297 | D:3      | Noticed Crazy Yiuf
  3306 | D:3      | Killed Crazy Yiuf
  3547 | D:3      | Found a shattered altar of Ashenzari.
  3547 | D:3      | Found a hazy altar of Hepliaklqana.
  4248 | D:3      | Found a white marble altar of Elyvilon.
  4584 | D:4      | Got a smoking shield
  4590 | D:4      | Identified the cursed -2 shield of the Sturgeon {Int+2}
                  | (You found it on level 4 of the Dungeon)
  4636 | D:4      | Reached skill level 5 in Spellcasting
  4636 | D:4      | Reached XP level 6. HP: 20/32 MP: 9/15
  5206 | D:4      | HP: 1/32 [orc priest/nerve-wracking pain (14)]
  5207 | D:4      | Reached skill level 1 in Shields
  5207 | D:4      | Killed from afar by an orc wizard

Levels and vault maps discovered:
D:1:      lemuel_arrival_hallway, layout_basic
D:2:      layout_loops_corners, nemelex_xobeh_ov_fountains_minmay, uniq_robin
D:3:      layout_basic, lemuel_coloured_pillars_altar,
          gammafunk_temple_overflow_pools, first_ration, uniq_sigmund,
          uniq_crazy_yiuf_cottage
D:4:      layout_cave_pools

Skill      XL: |  1  2  3  4  5  6 |
---------------+-------------------+-----
Dodging        | 3 4 |  4.7
Conjurations   | 2 3 |  3.7
Spellcasting   | 4 5 |  5.4
Fire Magic     | 4 |  4.9
Shields        | 1 |  1.0
Stealth        | |  2.4

Action                   |  1- 3 |  4- 6 || total
-------------------------+-------+-------++-------
Melee: Unarmed           |     7 |       ||     7
       Whip              |       |     2 ||     2
       Spear             |       |    10 ||    10
 Cast: Flame Tongue      |    55 |   137 ||   192
       Throw Flame       |     4 |     7 ||    11
       Conjure Flame     |       |     2 ||     2
  Use: Scroll            |       |     7 ||     7
  Eat: Chunk             |     3 |    17 ||    20
Armor: Robe              |     4 |    14 ||    18
Dodge: Dodged            |    21 |    43 ||    64
Block: Shield            |       |     2 ||     2

Table legend:
 A = Non-vault XP
 B = Vault XP
 C = Vault XP percentage of total XP
 D = Non-vault monster count
 E = Vault monster count
 F = Vault count percentage of total count
                 A         B        C        D         E       F
            +---------+---------+-------+---------+---------+-------
      Total |     551 |      79 |  12.5 |      78 |      14 |  15.2
            +---------+---------+-------+---------+---------+-------
        D:1 |      42 |       0 |   0.0 |      22 |       0 |   0.0
        D:2 |     147 |      38 |  20.5 |      25 |      13 |  34.2
        D:3 |      68 |      41 |  37.6 |      16 |       1 |   5.9
        D:4 |     294 |       0 |   0.0 |      15 |       0 |   0.0
            +---------+---------+-------+---------+---------+-------
